Map: Vaani Research Station (Void)

Players

Cham

  • Race: Zerg Zerg
  • Spawn Location: 6:00

TYTY (TY) - Winner!

  • Race: Terran Terran
  • League: Diamond
  • Spawn Location: 12:00

Event: WESG 2016 Finals

VOD

Have the link to the VOD?

Description

Time

  • Played on: Jan. 13, 2017, 6:51 p.m.
  • Length: 18:14

All games in this series

Show
View Real Time Build Order
Export as new Build Order

Cham Zerg 

Build Orders: Hatch First, Swarm Host 

Get SALT Encoding   

  12  0:00  Drone  
  13  0:07  Drone  
  14  0:17  Overlord  
  14  0:36  Drone x3  
  17  0:52  Hatchery  
  17  0:56  Drone  
  17  1:00  Drone  
  18  1:09  Extractor  
  17  1:14  Spawning Pool  
  17  1:16  Drone  
  17  1:20  Drone  
  18  1:33  Drone  
  19  1:40  Overlord  
  19  2:01  Queen, Zergling x2  
  21  2:03  Zergling x2  
  21  2:04  Queen  
  21  2:05  Zergling x2  
  26  2:08  Metabolic Boost  
  26  2:12  Drone  
  27  2:17  Drone  
  28  2:29  Overlord  
  28  2:30  Drone  
  28  2:36  Drone  
  30  2:38  Drone, Queen  
  33  2:45  Overlord  
  33  2:49  Drone  
  34  2:55  Drone  
  36  2:58  Drone  
  36  3:11  Drone x4, Roach Warren  
  38  3:14  Drone x3  
  41  3:22  Overlord  
  41  3:24  Drone x2  
  42  3:46  Hatchery  
  42  3:47  Drone  
  41  3:52  Roach x3  
  41  3:53  Roach x3  
  41  3:54  Drone  
  54  3:55  Drone  
  54  4:00  Overlord  
  54  4:01  Drone  
  56  4:06  Extractor  
  56  4:07  Evolution Chamber  
  54  4:11  Zergling x4  
  55  4:27  Drone x3  
  55  4:28  Drone  
  55  4:29  Overlord  
  55  4:30  Drone x3  
  62  4:35  Spore Crawler  
  62  4:36  Spore Crawler  
  60  4:38  Overlord  
  60  4:46  Overlord  
  60  4:47  Ravager x2  
  60  4:51  Drone  
  60  4:52  Extractor  
  62  4:53  Overlord  
  62  4:56  Ravager  
  62  4:59  Drone  
  65  5:00  Drone x3  
  66  5:08  Drone x2  
  66  5:09  Drone x3  
  66  5:13  Drone x2  
  73  5:19  Extractor  
  73  5:20  Lair  
  73  5:21  Drone  
  73  5:23  Roach x2  
  77  5:35  Overlord  
  77  5:42  Roach x2  
  81  5:43  Drone x2  
  81  5:45  Drone  
  81  5:48  Drone x4  
  87  5:58  Drone x2  
  87  5:59  Drone  
  87  6:01  Evolution Chamber  
  89  6:11  Drone  
  89  6:12  Drone  
  89  6:14  Spore Crawler, Overlord  
  89  6:15  Drone x2  
  88  6:19  Drone x2  
  88  6:21  Overlord  
  88  6:24  Drone  
  87  6:31  Roach  
  86  6:36  Roach  
  86  6:37  Drone, Roach  
  86  6:38  Overseer  
  90  6:42  Roach  
  84  6:54  Queen x2  
  84  6:55  Drone  
  84  6:56  Drone x3  
  84  6:57  Overseer  
  84  7:00  Drone  
  84  7:01  Drone  
  91  7:05  Zerg Ground Armor Level 1  
  91  7:06  Drone  
  91  7:07  Drone, Evolution Chamber  
  91  7:08  Overlord  
  92  7:09  Drone x3, Infestation Pit, Extractor  
  92  7:10  Drone x2  
  92  7:11  Extractor  
  92  7:12  Drone x3  
  97  7:20  Overlord  
  97  7:23  Glial Reconstitution  
  97  7:27  Infestation Pit, Overlord  
  97  7:29  Roach x4  
  104  7:33  Zerg Missile Weapons Level 1  
  106  7:37  Roach  
  106  7:38  Overlord, Hatchery  
  106  7:40  Roach  
  105  7:50  Drone x3  
  105  7:53  Drone x2  
  106  8:03  Swarm Host x5, Roach  
  121  8:09  Drone x2, Swarm Host  
  121  8:11  Swarm Host  
  129  8:19  Swarm Host x3  
  138  8:27  Queen  
  138  8:30  Drone x2, Overlord  
  142  8:38  Roach x2  
  140  8:50  Roach x4  
  140  8:51  Roach  
  140  8:54  Roach x2  
  144  8:58  Roach x2  
  144  8:59  Roach  
  144  9:02  Roach x3  
  147  9:05  Roach x4  
  147  9:06  Roach  
  147  9:08  Roach  
  148  9:15  Roach x3  
  149  9:18  Roach  
  149  9:21  Roach  
  138  9:29  Roach  
  131  9:37  Roach x4  
  131  9:41  Extractor  
  131  9:42  Extractor  
  129  9:48  Roach x3  
  129  9:49  Roach  
  135  9:53  Ravager x2  
  135  9:54  Ravager, Hatchery  
  135  9:56  Drone  
  135  9:57  Spore Crawler  
  137  10:06  Drone x2, Swarm Host  
  142  10:10  Swarm Host x2  
  144  10:23  Swarm Host x3  
  144  10:27  Swarm Host  
  150  10:31  Zerg Ground Armor Level 2  
  150  10:39  Drone x3  
  150  10:42  Overlord  
  153  10:43  Overlord x2  
  153  10:45  Overlord  
  153  10:50  Overlord  
  153  10:57  Overlord x2  
  153  10:59  Hydralisk Den  
  152  11:05  Swarm Host x3  
  152  11:07  Swarm Host x3  
  170  11:14  Swarm Host  
  170  11:18  Extractor  
  164  11:23  Overseer  
  164  11:24  Drone  
  164  11:25  Zerg Missile Weapons Level 2  
  165  11:29  Roach x3  
  171  11:35  Roach  
  171  11:36  Roach x2  
  173  11:46  Roach x2  
  173  11:47  Roach x4  
  172  12:00  Roach x6  
  158  12:09  Hydralisk  
  160  12:16  Hydralisk x2  
  160  12:20  Hydralisk  
  166  12:27  Hydralisk Den  
  162  12:36  Hatchery  
  161  12:42  Overseer  
  161  12:48  Swarm Host  
  164  12:58  Hatchery  
  164  12:59  Drone x3  
  166  13:06  Hydralisk x3  
  166  13:07  Hydralisk x3  
  166  13:11  Hydralisk x2  
  182  13:14  Hydralisk  
  182  13:18  Drone, Infestation Pit  
  176  13:26  Swarm Host  
  173  13:27  Swarm Host  
  173  13:30  Hydralisk  
  177  13:39  Hydralisk x2  
  177  13:40  Hydralisk  
  183  13:49  Hydralisk x3  
  187  13:59  Hydralisk  
  187  14:00  Hydralisk x3  
  193  14:04  Hydralisk x3  
  199  14:12  Zergling x2  
  186  14:22  Hydralisk  
  186  14:23  Hydralisk x4  
  188  14:27  Hydralisk x2  
  186  14:33  Hydralisk x2  
  186  14:36  Hydralisk Den  
  163  14:51  Roach x3  
  163  14:52  Roach x2  
  161  14:54  Roach x2  
  161  14:55  Roach  
  161  15:01  Roach x2  
  161  15:05  Roach x3  
  161  15:06  Roach x2  
  173  15:08  Hive  
  173  15:16  Roach x3  
  173  15:21  Hydralisk x3  
  179  15:26  Muscular Augments  
  185  15:30  Hydralisk x2  
  189  15:36  Roach  
  189  15:37  Roach x2  
  175  15:57  Hydralisk x2  
  175  15:58  Hydralisk x5  
  189  16:04  Hydralisk x2  
  189  16:07  Drone x3  
  189  16:08  Drone x2  
  195  16:17  Roach Warren  
  188  16:20  Hydralisk x3  
  182  16:27  Hydralisk x2  
  182  16:28  Hydralisk  
  161  16:40  Hydralisk x4  
  169  16:47  Hydralisk  
  167  16:59  Hatchery  
  167  17:00  Hydralisk  
  136  17:21  Hydralisk x5  
  97  17:37  Hydralisk x2  
  87  17:45  Hydralisk  
Show
View Real Time Build Order
Export as new Build Order

TYTY Terran - Winner!

Build Orders: Liberator Opening 

Get SALT Encoding   

  12  0:00  SCV  
  13  0:12  SCV  
  14  0:18  Supply Depot  
  14  0:25  SCV  
  15  0:39  Barracks, SCV  
  16  0:45  Refinery  
  16  0:51  SCV  
  17  1:03  SCV  
  18  1:15  SCV  
  19  1:27  Marine, Orbital Command  
  20  1:44  Command Center  
  20  1:45  Marine  
  21  1:57  Factory  
  21  2:00  SCV  
  22  2:05  Barracks Reactor  
  22  2:09  Supply Depot  
  22  2:12  SCV  
  23  2:17  Refinery  
  23  2:30  SCV  
  24  2:42  SCV, Starport  
  25  2:48  Hellion x2  
  29  2:54  SCV  
  29  2:57  Orbital Command  
  30  3:07  SCV  
  30  3:09  Hellion  
  30  3:12  Hellion  
  35  3:19  SCV, Medivac  
  38  3:24  SCV  
  39  3:32  SCV, Supply Depot  
  40  3:36  Liberator  
  40  3:43  Hellion x2, SCV  
  40  3:44  SCV  
  40  3:47  Barracks Tech Lab  
  47  3:55  SCV  
  47  3:57  Supply Depot  
  47  3:58  SCV  
  49  4:06  Hellion  
  49  4:07  SCV  
  49  4:08  Hellion  
  54  4:15  Supply Depot  
  54  4:19  SCV  
  54  4:20  SCV  
  54  4:30  Hellion x2  
  54  4:31  SCV  
  59  4:32  SCV  
  60  4:43  SCV, Banshee  
  60  4:44  Cloaking Field, SCV, Supply Depot  
  64  4:51  Hellion x2  
  64  4:52  Supply Depot  
  68  4:55  SCV  
  68  4:56  SCV  
  70  5:10  SCV x2  
  72  5:14  Hellion x2  
  72  5:15  Command Center  
  74  5:22  Supply Depot  
  74  5:25  SCV  
  74  5:26  Banshee  
  78  5:30  Armory  
  78  5:32  SCV  
  79  5:37  SCV  
  79  5:41  Hellion x2  
  84  5:44  SCV  
  84  5:49  SCV  
  86  5:52  Refinery  
  86  5:53  Refinery  
  84  6:03  Hellion x2  
  85  6:04  Barracks Reactor  
  85  6:08  Factory  
  85  6:09  SCV x2  
  87  6:16  Banshee  
  90  6:21  SCV x2  
  92  6:28  Hellion  
  92  6:33  SCV x2  
  94  6:42  Hellion  
  94  6:43  Orbital Command  
  94  6:49  Hellion  
  92  6:55  SCV x2  
  92  6:57  Hellion x5, Terran Vehicle Weapons Level 1  
  92  7:03  Cyclone  
  92  7:04  Orbital Command  
  95  7:10  Cyclone  
  95  7:11  Viking, Cyclone x2  
  95  7:12  SCV x2  
  95  7:15  Supply Depot x2  
  108  7:24  SCV  
  108  7:28  Supply Depot  
  109  7:30  Supply Depot  
  109  7:32  Refinery, Supply Depot  
  109  7:34  Supply Depot  
  109  7:35  Supply Depot  
  109  7:36  SCV x3  
  112  7:39  Cyclone  
  115  7:48  SCV  
  115  7:49  SCV  
  115  7:51  Hellion x12  
  117  7:52  Cyclone x2  
  117  7:55  SCV  
  117  7:57  Refinery  
  124  8:01  SCV  
  124  8:04  SCV  
  123  8:07  SCV  
  124  8:13  Factory  
  124  8:14  Factory  
  124  8:18  Factory  
  124  8:21  Hellion x2  
  124  8:22  SCV x2  
  124  8:23  SCV  
  124  8:25  Hellion  
  133  8:27  Engineering Bay, Starport Reactor  
  133  8:29  Hellion  
  136  8:34  SCV x2  
  136  8:40  SCV  
  138  8:42  Hellion x2  
  138  8:46  Hellion, SCV, Liberator x2  
  138  8:47  SCV  
  139  8:50  Hellion  
  139  8:52  SCV  
  136  8:59  SCV x2  
  136  9:02  Factory Tech Lab x3  
  132  9:13  Hellion  
  132  9:14  Hellion x3  
  138  9:22  Siege Tank x3  
  136  9:28  Command Center x2  
  131  9:35  Hellion  
  131  9:36  Hellion  
  131  9:37  Hellion x2  
  123  9:39  Infernal Pre-Igniter  
  123  9:45  Starport  
  123  9:50  Terran Vehicle Weapons Level 2  
  118  9:56  SCV x2, Cyclone  
  118  9:58  Cyclone  
  135  10:01  Banshee  
  135  10:03  Missile Turret  
  135  10:04  Hellion x2  
  135  10:05  Refinery, Hyperflight Rotors  
  134  10:09  Refinery  
  131  10:19  Cyclone  
  131  10:20  Cyclone x2  
  140  10:25  Hellion x2  
  141  10:30  Starport Tech Lab  
  141  10:32  Cyclone  
  141  10:33  Hellion  
  143  10:41  SCV x3  
  143  10:42  Planetary Fortress  
  146  10:43  Orbital Command  
  146  10:44  Banshee  
  146  10:47  Hellion, Armory  
  150  10:50  Banshee  
  150  10:53  Cyclone  
  162  10:57  Hellion  
  162  11:02  SCV x3  
  165  11:05  Thor  
  165  11:06  Hellion x2  
  165  11:09  Hellion x2  
  167  11:21  Hellion  
  171  11:25  Hellion  
  171  11:26  Banshee  
  171  11:27  Hellion x2  
  171  11:28  Supply Depot x2  
  173  11:33  Banshee  
  176  11:46  Cyclone x3  
  154  12:03  Hellion x3, Cyclone  
  145  12:09  Banshee  
  150  12:16  Starport  
  150  12:18  Hellion x2, Cyclone  
  151  12:24  Hellion  
  151  12:29  Cyclone x2  
  159  12:35  Cyclone, Banshee  
  165  12:39  Cyclone  
  165  12:43  Command Center  
  168  12:44  Terran Vehicle Weapons Level 3  
  168  12:46  Armory  
  168  12:49  Orbital Command  
  168  13:00  Banshee  
  168  13:01  Starport Tech Lab  
  171  13:08  Terran Vehicle And Ship Armor Level 1  
  171  13:11  Cyclone x2  
  181  13:12  Hellion  
  181  13:13  Hellion  
  181  13:18  Banshee  
  184  13:21  SCV x2  
  184  13:24  Banshee  
  189  13:31  Hellion, Cyclone x2  
  189  13:34  Cyclone  
  200  14:02  Factory x2  
  200  14:06  Factory  
  183  14:21  Hellion x2, Cyclone  
  183  14:22  Cyclone x4  
  183  14:23  SCV x3  
  187  14:25  Banshee x3  
  193  14:43  Hellion x2  
  171  14:54  Cyclone x2  
  167  15:00  Hellion  
  167  15:01  Hellion x2  
  167  15:02  Terran Ship Weapons Level 1  
  167  15:04  Hellion, Cyclone  
  167  15:06  Factory Reactor x2  
  178  15:07  Factory Tech Lab  
  178  15:08  Banshee x3  
  184  15:22  Hellion x2, Cyclone  
  184  15:25  Hellion  
  184  15:26  Hellion, Cyclone  
  197  15:30  Planetary Fortress  
  197  15:32  Refinery x2  
  195  15:38  Hellion x2  
  194  15:43  Hellion x2  
  194  15:47  Hellion x2  
  192  15:51  Hellion x3  
  192  15:54  Hellion  
  199  16:22  Hellion  
  199  16:23  Hellion, Banshee x2  
  199  16:24  Banshee  
  194  16:27  Hellion x2  
  194  16:29  Hellion  
  194  16:30  Hellion  
  196  16:38  Hellion x2  
  185  16:41  Cyclone x2  
  185  16:42  Hellion x2  
  185  16:44  Hellion  
  197  16:49  Sensor Tower, Missile Turret  
  197  16:53  Hellion x3  
  192  17:12  Hellion x6  
  192  17:13  Hellion  
  192  17:14  Hellion x2, Cyclone x2  
  192  17:15  Banshee x2  
  180  17:24  Hellion  
  159  17:31  Banshee  
  159  17:33  Hellion, Cyclone x2  
  159  17:34  Hellion, Cyclone  
  159  17:35  Cyclone x2  
  159  17:36  Hellion, Cyclone  
  166  17:45  Hellion  
  166  17:50  Hellion x2  
Tags
 
Add a new tag
Caveats
  • Supply blocks, unpowered buildings, or Contaminate may cause inaccurate times.
  • Supply counts are checked every 10 seconds.